[Event "*** Titled Tuesday Blitz"]
[Site "Chess.com"]
[Date "2020.04.21"]
[Round "9"]
[White "Bulldog167"]
[Black "abhijeetgupta1016"]
[Result "1-0"]
[WhiteElo "2799"]
[BlackElo "2906"]
[TimeControl "180+1"]
[EndTime "11:50:15 PDT"]
[Termination "Bulldog167 won by resignation"]

1. d4 Nf6 2. c4 g6 3. Nc3 d5 4. Nf3 Bg7 5. Bg5 dxc4 6. e4 c5 7. d5 b5 8. d6 b4 9. Nb5 O-O 10. e5 Bb7 11. exf6 exf6 12. Be3 c3 13. bxc3 f5 14.
cxb4 Nc6 15. Be2 Re8 16. Rc1 Nxb4 17. O-O Nd5 18. Bxc5 a6 19. Nc7 Nxc7 20. Bb6 Qf6 21. Rxc7 Be4 22. Bc4 Rf8 23. Bc5 g5 24. d7 g4 25. Nd4 Qe5 26. Bxf8 Qxc7 27. Bxg7 Kxg7 28. Nb3 Rd8 29. Qd4+ f6 30. Rd1 Bc2 31. Nc5 Kg6 32.
Ne6 Qa5 33. Nxd8 Bxd1 34. Qxd1 Qxd8 35. Bxa6 h5 36. Bb5 h4 37. a4 h3 38. gxh3 gxh3 39. Qf3 Qc7 40. Qg3+ Kh5 41. Qxc7 Kg4 42. Qg3+ Kh5 43. d8=Q 1-0

[Event "*** Titled Tuesday Blitz"]
[Site "Chess.com"]
[Date "2020.04.21"]
[Round "9"]
[White "Kezin_Roman"]
[Black "KhamzinOlzhas"]
[Result "1-0"]
[WhiteElo "2754"]
[BlackElo "2605"]
[TimeControl "180+1"]
[EndTime "11:50:15 PDT"]
[Termination "Kezin_Roman won on time"]

1. d4 Nf6 2. c4 g6 3. Nc3 Bg7 4. e4 O-O 5. Be2 d6 6. Be3 Nbd7 7. Nf3 e5 8. O-O Re8 9. d5 Ng4 10. Bg5 f6 11. Bh4 h5 12. Nd2 Nf8 13. b4 Nh6 14. f3 g5 15. Bf2 f5 16. c5 Ng6 17.
Nc4 Nf7 18. cxd6 Nxd6 19. Re1 f4 20. Rc1 Bf8 21. a3 Nxc4 22. Bxc4 Bd6 23. Be2 Bd7 24. Nb5 a6 25. Nxd6 cxd6 26. a4 Re7 27. a5 Rg7 28.
Bb6 Qf6 29. Rc7 g4 30. fxg4 Nh4 31. h3 hxg4 32. Bxg4 Bxg4 33. Rxg7+ Qxg7 34. hxg4 f3 35. gxf3 Rf8 36. Rf1 Ng6 37. Be3 Qc7 38. Qc1 Qd7 39. Qd2 Qb5 40. Rf2 Rc8 41. Bh6 Kh7 42. Rh2 1-0

[Event "*** Titled Tuesday Blitz"]
[Site "Chess.com"]
[Date "2020.04.21"]
[Round "9"]
[White "ChessTraining77"]
[Black "Poghosyan_Suren"]
[Result "0-1"]
[WhiteElo "2582"]
[BlackElo "2513"]
[TimeControl "180+1"]
[EndTime "11:50:15 PDT"]
[Termination "Poghosyan_Suren won by resignation"]

1. e4 e6 2. d4 d5 3. Nc3 Bb4 4. e5 c5 5. a3 Bxc3+ 6. bxc3 Qc7 7. Nf3 b6 8. Bb5+ Bd7 9. Bd3 c4 10. Be2 Ba4 11. O-O Nd7 12. Re1 O-O-O 13. h4 h6 14. Bf1 Ne7 15. g3 Nc6 16. Bh3 Kb7 17. Kg2 Rde8 18. Bf4 Rhg8 19. Qd2 b5 20. Nh2 Qd8 21. Ng4 g5 22. hxg5 hxg5 23. Be3 Qe7 24. Rh1 Rg6 25. f3 Reg8 26. Kf2 f5 27. exf6 Nxf6 28. Ne5 Nxe5 29.
dxe5 Nd7 30. Qd4 Ra8 31. Rh2 Qg7 32. f4 gxf4 33. gxf4 Qe7 34. Bg2 Nb6 35. f5 exf5 36. Bxd5+ Nxd5 37. Qxd5+ Ka6 38. Rah1 Rag8 39. Ke1 Qb7 40.
Qxb7+ Kxb7 41. Rh7+ Kc6 42. Rxa7 Bxc2 43. Rhh7 Kd5 44. Rad7+ Ke4 45. Bf2 Bd3 46. Rd4+ Kxe5 47. Re7+ Re6 48. Rb7 f4 49. Rxb5+ Kf6+ 50. Kd1 f3 51. Rf4+ Ke7 52. Bh4+ Kd7 53. Rd4+ Kc6 54. Rg5 Rxg5 55. Bxg5 f2 0-1

[Event "*** Titled Tuesday Blitz"]
[Site "Chess.com"]
[Date "2020.04.21"]
[Round "9"]
[White "noblerone"]
[Black "inegrepus"]
[Result "1-0"]
[WhiteElo "2459"]
[BlackElo "2289"]
[TimeControl "180+1"]
[EndTime "11:50:15 PDT"]
[Termination "noblerone won by resignation"]

1. d4 Nf6 2. Nf3 d5 3. Bg5 e6 4. Nbd2 Be7 5. e3 c5 6. c3 cxd4 7. exd4 Nc6 8. Bd3 h6 9. Bh4 Qb6 10. Rb1 Qa5 11. a3 Bd7 12. O-O a6 13. Re1 O-O 14.
Ne5 Qc7 15. f4 b5 16. Ndf3 Ne8 17. Bg3 Nxe5 18. Nxe5 Nd6 19. Qh5 Bf6 20. Bh4 Bxh4 21. Qxh4 f6 22. Ng6 Rf7 23. Qg3 Nf5 24. Bxf5 exf5 25. Re3 Re8 26. Rbe1 Rxe3 27. Qxe3 Qd6 28. h4 Bc6 29. h5 Bd7 30. Re2 Bc6 31. Ne7+ Kh7 32. Nxf5 Qd7 33. Qd3 Kg8 34. Nh4 f5 35.
Ng6 Rf6 36. Re7 Qd6 37. Qe3 a5 38. Qe5 b4 39. axb4 axb4 40. Qxd6 Rxd6 41. cxb4 Bb5 42. Rb7 Ba4 43. b5 Re6 44. Ne5 Bc2 45. Rb8+ Kh7 46. Ng6 Rxg6 47. hxg6+ Kxg6 48. b6 1-0

[Event "*** Titled Tuesday Blitz"]
[Site "Chess.com"]
[Date "2020.04.21"]
[Round "9"]
[White "Biranidun"]
[Black "UCantHandleDenker"]
[Result "0-1"]
[WhiteElo "2699"]
[BlackElo "2555"]
[TimeControl "180+1"]
[EndTime "11:50:16 PDT"]
[Termination "UCantHandleDenker won on time"]

1. e4 d6 2. d4 Nf6 3. Nc3 g6 4. f4 Bg7 5. Nf3 c5 6. Bb5+ Bd7 7. Bxd7+ Nfxd7 8. d5 b5 9. O-O b4 10. Ne2 Qc8 11. Ng3 Qa6 12. e5 O-O 13. e6 fxe6 14.
dxe6 Nf6 15. f5 Nc6 16. fxg6 hxg6 17. Nh4 Ne5 18. Bf4 Qc4 19. b3 Qxe6 20. Bxe5 Qxe5 21.
Nxg6 Qe3+ 22. Kh1 Rf7 23. Nf5 Qe4 24. Rf4 Qe6 25. Qf3 Re8 26. Rf1 Nd5 27. Rg4 Rxf5 28. Qxf5 Qxf5 29. Rxf5 Ne3 30. Rfg5 Nxg4 31. Rxg4 Kf7 32. h4 Bf6 33. h5 Rg8 34. Kh2 d5 35.
Kh3 e5 36. Rg3 e4 37. Kg4 Ke6 38. Kf4 Bg7 39. Kg5 Be5 40. Rg4 e3 41. Rh4 e2 42.
Rh1 Bc3 43. h6 Kf7 44. h7 Rxg6+ 45. Kf5 Rf6+ 46. Kg5 Rf1 0-1

[Event "*** Titled Tuesday Blitz"]
[Site "Chess.com"]
[Date "2020.04.21"]
[Round "9"]
[White "LizaSolovyova"]
[Black "viktorskliarov"]
[Result "1-0"]
[WhiteElo "2525"]
[BlackElo "2669"]
[TimeControl "180+1"]
[EndTime "11:50:17 PDT"]
[Termination "LizaSolovyova won by resignation"]

1. e4 c5 2. Qe2 Nc6 3. c3 g6 4. d3 Bg7 5. h4 h5 6. Nf3 d6 7. Be3 Nf6 8. Qc2 Ng4 9. Bg5 O-O 10.
Nbd2 d5 11. Be2 b6 12. Nf1 dxe4 13. dxe4 Qc7 14. Ne3 Nxe3 15. Bxe3 Bb7 16. Rd1 Ne5 17. O-O Ng4 18. Bg5 f6 19. Bc1 f5 20. g3 fxe4 21. Ng5 c4 22. Bxg4 hxg4 23. Rfe1 Qc6 24.
Qxe4 Qxe4 25. Nxe4 Rad8 26. Rxd8 Rxd8 27. Bg5 Rd7 28.
Nd2 Bf6 29. Nxc4 Bxg5 30. hxg5 Rd5 31. Ne5 Rd2 32. Nxg4 Rxb2 33. Ne5 Kg7 34. Nc4 Rxa2 35. Rxe7+ Kf8 36. Rxb7 Rc2 37. Rxa7 Rxc3 38. Nxb6 Rb3 39. Rb7 Kg8 40. Kg2 Rb5 41. f4 Rb3 42. Kh3 Rb1 43.
Kg4 Rb5 44. Rb8+ Kg7 45. Nd7 Ra5 46. Ne5 Ra7 47. Rb6 1-0

[Event "*** Titled Tuesday Blitz"]
[Site "Chess.com"]
[Date "2020.04.21"]
[Round "9"]
[White "JonahWillow"]
[Black "AleksanderHnydiuk"]
[Result "0-1"]
[WhiteElo "2733"]
[BlackElo "2590"]
[TimeControl "180+1"]
[EndTime "11:50:17 PDT"]
[Termination "AleksanderHnydiuk won by checkmate"]

1. e4 e5 2. Nf3 Nf6 3. Nc3 Nc6 4. Bb5 Bd6 5. d3 h6 6. a3 a6 7. Ba4 b5 8. Bb3 Bb7 9. Ne2 Bc5 10. Ng3 O-O 11.
Nf5 Ne7 12. Nxh6+ gxh6 13. Nxe5 d6 14. Qf3 dxe5 15. Qxf6 Qd6 16. Qxh6 Qxh6 17. Bxh6 Rfd8 18.
Ke2 Rd6 19. Be3 Bxe3 20. Kxe3 Kg7 21. g3 Nc6 22. Bd5 Na5 23. Bxb7 Nxb7 24. f4 Re8 25. h4 c5 26. h5 c4 27. fxe5 Rxe5 28. d4 Rg5 29. Kf4 f6 30. c3 Re6 31. g4 Nd6 32.
Rae1 Kh6 33. e5 Nf7 34. exf6 Rxf6+ 35. Kg3 Nd6 36. Re7 Nf5+ 37. Kf4 Nxe7+ 38. Kg3 Nd5 39. Re1 Rf4 40. Re6+ Kh7 41. Rd6 Rgxg4+ 42. Kh3 Rg5 43. Rd7+ Kh6 44. Rd8 Rxh5+ 45. Kg3 Rg5+ 46. Kh3 Nf6 47. Rh8+ Kg7 48. Ra8 Rf3+ 49. Kh2 Rg4 50. Ra7+ Kg6 51.
Rxa6 Rf5 52. Rxf6+ Kxf6 53. Kh3 Kg5 54. a4 Rf6 55.
axb5 Rh6# 0-1

[Event "*** Titled Tuesday Blitz"]
[Site "Chess.com"]
[Date "2020.04.21"]
[Round "9"]
[White "Angel_Hranitel_37"]
[Black "Boorchess"]
[Result "1-0"]
[WhiteElo "2401"]
[BlackElo "2546"]
[TimeControl "180+1"]
[EndTime "11:50:17 PDT"]
[Termination "Angel_Hranitel_37 won on time"]

1. d4 Nf6 2. Nf3 e6 3. g3 b5 4. Bg2 Bb7 5. O-O c5 6. e3 d5 7. a4 b4 8. dxc5 Bxc5 9. Ne5 Nbd7 10. Nd3 Be7 11. c4 bxc3 12. Nxc3 Rc8 13. Nb5 a6 14. Nd4 O-O 15. b4 Ne4 16. Bb2 Nc3 17. Qg4 Nf6 18. Qh3 Qb6 19. g4 Nfe4 20. f3 Ng5 21. Qg3 Qxd4 22. exd4 Ne2+ 23. Kf2 Rc2 24. Qh4 Nf4+ 25.
Kg3 Nxg2 26. Qh5 Bd6+ 27. f4 Ne4+ 28. Kf3 Nxf4 29. Nxf4 Rxb2 30. Nd3 Rb3 31. Ke3 g6 32. Qh6 Rc8 33. Rfd1 Rcc3 34. Rab1 Bc6 35. Rxb3 Rxb3 36.
Rc1 Bf8 37. Qh3 Bxa4 38. Rc8 Bb5 39. Qh6 Rxd3+ 40. Kf4 g5+ 41. Ke5 f6+ 42. Kxe6 1-0

[Event "*** Titled Tuesday Blitz"]
[Site "Chess.com"]
[Date "2020.04.21"]
[Round "9"]
[White "Budisavljevic"]
[Black "WhiteKnight2612"]
[Result "0-1"]
[WhiteElo "2428"]
[BlackElo "2628"]
[TimeControl "180+1"]
[EndTime "11:50:18 PDT"]
[Termination "WhiteKnight2612 won by resignation"]

1. d4 c5 2. d5 Nf6 3. Nc3 g6 4. e4 d6 5. Nf3 Bg7 6. Be2 O-O 7. O-O Bg4 8. a4 Na6 9. h3 Bxf3 10. Bxf3 Nc7 11.
Bf4 Nd7 12. Re1 b6 13. Be2 a6 14. Bc4 Qc8 15. Qe2 Qb7 16. h4 Rfb8 17. Qf3 b5 18. Be2 Ne5 19. Qg3 b4 20. Nd1 a5 21. h5 e6 22. h6 Bh8 23. Ne3 exd5 24. Ng4 Re8 25.
Bxe5 dxe5 26. Qf3 dxe4 27. Nf6+ Bxf6 28. Qxf6 Ne6 29. Bc4 Qe7 30. Qxe5 Qg5 31. Qxe4 Rad8 32. Qe3 Qh5 33. Be2 Qh4 34. Bf3 Kf8 35. Rad1 Nd4 36. Qd3 Qxh6 37. Qc4 Nxf3+ 38. gxf3 Qg5+ 39. Kf1 Rxe1+ 40. Rxe1 h5 41. f4 Qf5 42. Re5 Qh3+ 43. Ke1 Qh1+ 44. Ke2 Qd1+ 45. Ke3 Qd4+ 46. Qxd4 cxd4+ 47. Kd3 Kg7 48. Rxa5 h4 49. Rb5 h3 50. Rxb4 h2 51. a5 h1=Q 52.
Rxd4 Qd1+ 0-1

[Event "*** Titled Tuesday Blitz"]
[Site "Chess.com"]
[Date "2020.04.21"]
[Round "9"]
[White "DanielRensch"]
[Black "Gyapiking"]
[Result "1/2-1/2"]
[WhiteElo "2490"]
[BlackElo "2382"]
[TimeControl "180+1"]
[EndTime "11:50:18 PDT"]
[Termination "Game drawn - insufficient material"]

1. e4 d6 2. d4 g6 3. Nc3 c6 4. Bg5 Bg7 5. Qd2 Qb6 6. Be3 Qxb2 7. Rb1 Qa3 8. Bc4 b5 9. Bb3 Nf6 10. f3 O-O 11. Nge2 Qa5 12. g4 Nbd7 13. h4 b4 14. Nd1 e5 15. h5 exd4 16. Nxd4 Nc5 17. hxg6 Nxb3 18. gxh7+ Kh8 19. axb3 Bxg4 20. Bh6 Bxh6 21.
Qxh6 Qe5 22. Nxc6 Qg3+ 23. Nf2 Qxf3 24. Nd4 Qc3+ 25. Qd2 Rae8 26. Qxc3 bxc3 27. O-O Bc8 28. Rfe1 Bb7 29. Ra1 Nxe4 30. Rxa7 Nxf2 31. Rxe8 Nh3+ 32. Kh2 Rxe8 33. Kxh3 Be4 34. Rc7 Bxh7 35. Rxc3 Re4 36. Nf3 Kg7 37. Kg3 Bf5 38. Rc6 Re3 39. Kf4 Be4 40. Kxe3 Bxc6 41. Nd4 Bb7 42. Nf5+ Kf6 43. Nxd6 Bg2 44. Kd4 Ke6 45. Nc4 f5 46. b4 Bb7 47. b5 f4 48. b6 f3 49. Ke3 Kd5 50.
Na5 Bc8 51. b7 Bxb7 52. Nxb7 Kc4 53. Nd6+ Kc3 54. Ne4+ Kxc2 55. Kxf3 1/2-1/2

[Event "*** Titled Tuesday Blitz"]
[Site "Chess.com"]
[Date "2020.04.21"]
[Round "9"]
[White "drd_davi"]
[Black "vinniethepooh"]
[Result "0-1"]
[WhiteElo "2462"]
[BlackElo "2630"]
[TimeControl "180+1"]
[EndTime "11:50:19 PDT"]
[Termination "vinniethepooh won by checkmate"]

1. e4 c5 2. Nf3 d6 3. d4 cxd4 4. Qxd4 Nc6 5. Bb5 Bd7 6. Bxc6 Bxc6 7. c4 f5 8. exf5 Qa5+ 9. Nc3 Qxf5 10. O-O Bxf3 11.
gxf3 Nf6 12. Nb5 Qd7 13. Re1 Kf7 14. Nxa7 Qf5 15. Kg2 g5 16. Nb5 h5 17. Nc7 Rc8 18.
Ne6 g4 19. f4 Bh6 20. Ng5+ Bxg5 21. fxg5 Nd7 22. g6+ Kxg6 23. Rxe7 Nf6 24. Be3 h4 25.
Qf4 Rhe8 26. Qxf5+ Kxf5 27. Rxb7 Rxc4 28. Rd1 h3+ 29. Kf1 d5 30. Bd4 Ne4 31. Rf7+ Kg6 32.
Rf4 Kg5 33. Rf7 Rc2 34. Rg7+ Kh6 35. Rxg4 Nd2+ 36. Kg1 Nf3+ 37. Kf1 Nxh2+ 38. Kg1 Nf3+ 39. Kh1 Rce2 40. Be3+ Kh5 41. Rg3 R8xe3 42. fxe3 Rh2# 0-1

[Event "*** Titled Tuesday Blitz"]
[Site "Chess.com"]
[Date "2020.04.21"]
[Round "9"]
[White "Yurovskykh_Oleksandr"]
[Black "LiamPutnam2008"]
[Result "1-0"]
[WhiteElo "2613"]
[BlackElo "2475"]
[TimeControl "180+1"]
[EndTime "11:50:19 PDT"]
[Termination "Yurovskykh_Oleksandr won on time"]

1. d4 Nf6 2. Nf3 d5 3. Bf4 c5 4.
e3 Nc6 5. c3 e6 6. Nbd2 Bd6 7. Bg3 O-O 8. Bb5 a6 9. Bxc6 bxc6 10.
Ne5 Qc7 11. Nd3 cxd4 12. cxd4 a5 13. Bxd6 Qxd6 14. Nb3 Ba6 15. Nbc5 Bb5 16. b3 Nd7 17. Nxd7 Qxd7 18. Nc5 Qd6 19. f3 f5 20. f4 Rfb8 21. Kf2 Qe7 22. Rc1 a4 23. b4 a3 24. g3 Bc4 25.
Qd2 Kf7 26. Rb1 Qa7 27. Rhc1 Rb6 28. Rc3 Rab8 29. Qc1 Rxb4 30. Rxb4 Rxb4 31. Qxa3 Qb8 32.
Rc2 Rb1 33. Nd7 Qc8 34. Ne5+ Kg8 35. Rb2 Rxb2+ 36. Qxb2 h6 37. a4 Qa6 38. Qb4 Bf1 39. Qe1 Bh3 40. Qa1 Kh7 41. a5 Qb7 42. Nf3 Qa8 43. a6 Qa7 44. Ne5 Qa8 45. a7 Bg4 46. Nd7 Qb7 47. a8=Q Qb3 48. Q8a2 Qd3 49. Qe1 Qe4 50. Ne5 h5 51. Nxg4 hxg4 52. Qae2 c5 53. dxc5 d4 54. exd4 Qxd4+ 55. Qe3 Qb2+ 56. Q1e2 Qb1 57. Qxe6 1-0

[Event "*** Titled Tuesday Blitz"]
[Site "Chess.com"]
[Date "2020.04.21"]
[Round "9"]
[White "StockholmMissile"]
[Black "calin_dragomirescu"]
[Result "1-0"]
[WhiteElo "2461"]
[BlackElo "2305"]
[TimeControl "180+1"]
[EndTime "11:50:19 PDT"]
[Termination "StockholmMissile won by resignation"]

1. d4 g6 2. e4 Bg7 3. Nf3 d6 4. Bc4 c6 5. O-O d5 6. exd5 cxd5 7.
Bb5+ Bd7 8. Bxd7+ Qxd7 9. c3 Nc6 10. Bf4 Nf6 11. Qc1 O-O 12. Re1 Rfe8 13. Nbd2 e6 14. Ne5 Qc8 15. Nxc6 bxc6 16. Be5 c5 17. dxc5 Qxc5 18. Qd1 Nd7 19. Bxg7 Kxg7 20. Nb3 Qd6 21. Qd4+ e5 22. Qd2 Nb6 23. Rad1 Rad8 24. Qe2 f5 25. h3 Nc4 26. Nc1 e4 27. b3 Ne5 28. Rd4 f4 29. Qd2 f3 30. g3 Qe6 31. Kh2 h5 32. c4 h4 33. g4 Nf7 34. cxd5 Qe5+ 35. Kh1 Ng5 36.
b4 Nxh3 37. Rdxe4 Qxe4 38. Rxe4 Rxe4 39. Qc3+ Kh6 40. Qxf3 Ng5 41. Qd1 Rde8 42. Nd3 Rd4 43. Qc2 Ree4 44. Nc5 Rxg4 45. Ne6 Nf3 46. Qc1+ Rdf4 47.
Nxf4 Rg1+ 48. Qxg1 Nxg1 49. Kxg1 g5 50. d6 1-0

[Event "*** Titled Tuesday Blitz"]
[Site "Chess.com"]
[Date "2020.04.21"]
[Round "9"]
[White "AliKa2810"]
[Black "Shaman91"]
[Result "0-1"]
[WhiteElo "2597"]
[BlackElo "2833"]
[TimeControl "180+1"]
[EndTime "11:50:20 PDT"]
[Termination "Shaman91 won by resignation"]

1. d4 d6 2. e4 Nf6 3. Nc3 e5 4. Nf3 Nbd7 5. h3 Be7 6. g4 O-O 7. g5 Nh5 8. Be3 c6 9. dxe5 dxe5 10. Qd2 b5 11. O-O-O Qa5 12. Kb1 b4 13. Ne2 Nc5 14. Nxe5 Be6 15. Nc1 Nxe4 16. Qd4 Rad8 17. Qxe4 Rxd1 18.
Bc4 Rxh1 19. Bxe6 Rxc1+ 20. Kxc1 fxe6 21. Nxc6 Qxa2 22. Nxe7+ Kh8 23. Bd4 b3 24. Ng6+ hxg6 25. Qxg6 bxc2 26. Qxh5+ Kg8 27. Kxc2 Qc4+ 28. Bc3 Rxf2+ 29.
Kb1 Qd3+ 30. Ka2 Qd5+ 31. Ka3 Rf7 32. Qg6 a5 33. Bxg7 Qf5 34. Qxf5 exf5 35. Bd4 f4 36. h4 f3 37. Bf2 Re7 38. h5 Re2 39. Bd4 f2 40. Bxf2 Rxf2 41. b3 Rf4 42. g6 Kg7 43. Kb2 Rg4 44. Ka3 Kh6 45. Ka2 Kxh5 46. g7 Rxg7 47. b4 axb4 48. Kb3 Rg4 49. Ka4 Kg5 0-1

[Event "*** Titled Tuesday Blitz"]
[Site "Chess.com"]
[Date "2020.04.21"]
[Round "9"]
[White "afgano29"]
[Black "Fh2411"]
[Result "1-0"]
[WhiteElo "2655"]
[BlackElo "2479"]
[TimeControl "180+1"]
[EndTime "11:50:21 PDT"]
[Termination "afgano29 won on time"]

1. e4 c5 2. Nf3 e6 3. d4 cxd4 4. Nxd4 a6 5. Bd3 Bc5 6. Nb3 Be7 7. Qg4 g6 8. Nc3 d6 9. Qg3 Nc6 10. h4 Nf6 11. Bh6 Nh5 12. Qh3 Bf8 13. Bxf8 Kxf8 14.
O-O-O Qf6 15. Qe3 Qf4 16. Qxf4 Nxf4 17. g3 Nxd3+ 18. Rxd3 Ke7 19. h5 Rd8 20. f4 Bd7 21. Nd2 b5 22. Nf3 Be8 23. h6 f6 24. Re1 b4 25.
Ne2 e5 26. g4 Bf7 27. g5 Bc4 28.
gxf6+ Kxf6 29. fxe5+ dxe5 30. Rxd8 Rxd8 31. Ng3 a5 32. b3 Bg8 33. Rf1 Ke7 34. Nd2 a4 35.
Nh1 Ra8 36. Nf2 Nd4 37. Nd3 axb3 38. axb3 Ra1+ 39. Kb2 Rxf1 40. Nxf1 Nc6 41. Ne3 g5 42. Ng4 Ke6 43. Kc1 Bf7 44. Kd2 Bh5 45. Ne3 Bf3 46. Nf2 Kf6 47. Neg4+ Kg6 48. Ke3 1-0

[Event "*** Titled Tuesday Blitz"]
[Site "Chess.com"]
[Date "2020.04.21"]
[Round "9"]
[White "NTBT_DHS"]
[Black "Lysiak_Poltorak"]
[Result "1-0"]
[WhiteElo "2622"]
[BlackElo "2361"]
[TimeControl "180+1"]
[EndTime "11:50:21 PDT"]
[Termination "NTBT_DHS won by resignation"]

1. d4 e6 2. c4 f5 3. g3 Nf6 4.
Bg2 Be7 5. Nf3 O-O 6. O-O d6 7. Nc3 Ne4 8. Bd2 Nc6 9. Qc2 Nxd2 10. Qxd2 e5 11. dxe5 dxe5 12. Qd5+ Rf7 13. Rad1 e4 14. Qxd8+ Bxd8 15. Ne5 Nxe5 16. Rxd8+ Rf8 17. Rd5 Nxc4 18. Rc5 Be6 19. Rxc7 Rfc8 20. Rxb7 Nxb2 21. Nxe4 fxe4 22. Rxb2 Rc4 23. Rfb1 Ra4 24. Rb4 Rxa2 25. Rxe4 Bf5 26. Reb4 Rd8 27. e4 Be6 28. Rb8 Rxb8 29. Rxb8+ Kf7 30.
Rb7+ Kf6 31. Rb1 a5 32. f4 Bc4 33. e5+ Ke6 34. Be4 g6 35. Rb6+ Ke7 36. g4 a4 37.
Rb7+ Kd8 38. f5 gxf5 39. gxf5 Re2 40. Bc6 Rxe5 41. Bxa4 Rxf5 42. Rxh7 Rg5+ 43. Kf2 Bb5 44. Bd1 Ke8 45. h4 Rg4 46. Bxg4 1-0

[Event "*** Titled Tuesday Blitz"]
[Site "Chess.com"]
[Date "2020.04.21"]
[Round "9"]
[White "YaWaleriy"]
[Black "FLamps8"]
[Result "0-1"]
[WhiteElo "2269"]
[BlackElo "2538"]
[TimeControl "180+1"]
[EndTime "11:50:24 PDT"]
[Termination "FLamps8 won on time"]

1. d4 d5 2. Nf3 Nc6 3. Bf4 Bg4 4. e3 e6 5. c4 Nf6 6. Nc3 Bb4 7. Be2 dxc4 8.
Bxc4 Nd5 9. Bxd5 Qxd5 10. O-O Qh5 11. Bxc7 O-O 12. h3 Bxf3 13. Qxf3 Qxf3 14. gxf3 Rac8 15.
Bg3 Rfd8 16. Rac1 Na5 17. Nb5 a6 18. Nd6 Rxc1 19. Rxc1 f5 20. Rc8 Rxc8 21. Nxc8 Nc4 22. b3 Nd2 23. Kg2 Nb1 24. Bd6 Bd2 25. Bc5 b5 26.
Nd6 f4 27. e4 Nc3 28. a3 Na2 29. Kf1 Nc1 30. b4 Nb3 31. d5 exd5 32. exd5 Bc1 33.
Ne4 Kf7 34. Ng5+ Ke8 35. Ne6 Bxa3 36. Nc7+ Kd7 37. Nxa6 Kc8 38. Bf8 g6 39. Ke2 Nd4+ 40. Kd3 Nxf3 41. Ke4 Ng5+ 42. Kxf4 Nxh3+ 43. Ke5 Kd7 0-1

[Event "*** Titled Tuesday Blitz"]
[Site "Chess.com"]
[Date "2020.04.21"]
[Round "9"]
[White "kungmongmanh"]
[Black "plumalka"]
[Result "1-0"]
[WhiteElo "2593"]
[BlackElo "2437"]
[TimeControl "180+1"]
[EndTime "11:50:25 PDT"]
[Termination "kungmongmanh won by checkmate"]

1. d4 Nf6 2. c4 c5 3. d5 b5 4. cxb5 a6 5. bxa6 Bxa6 6. Nc3 d6 7. e4 Bxf1 8. Kxf1 g6 9. Nf3 Nbd7 10.
g3 Bg7 11. Kg2 O-O 12. Re1 Ra6 13. Qc2 Qa8 14. Bd2 Rb8 15. a4 Nb6 16. b3 Nbd7 17. h3 e6 18. dxe6 fxe6 19. Rab1 d5 20. exd5 exd5 21.
Nb5 Qc6 22. Bf4 Rf8 23. Nc7 Nh5 24. Nxa6 Nxf4+ 25. gxf4 Qxa6 26. Qe2 Qb7 27. Qe6+ Kh8 28. Ng5 Nf6 29. Qe7 Qa8 30. Ne6 d4+ 31. f3 Nh5 32.
Re4 Re8 33. Nc7 Rxe7 34. Nxa8 Rxe4 35. fxe4 Nxf4+ 36. Kf3 Nxh3 37. Nb6 Ng5+ 38. Kf4 Ne6+ 39. Kg3 Be5+ 40. Kf2 Ng5 41. Nc4 Bf4 42. e5 d3 43.
a5 d2 44. a6 Ne4+ 45. Kf3 Nc3 46. Nxd2 Bxd2 47. a7 Nxb1 48. a8=Q+ Kg7 49. Qb7+ Kh6 50.
e6 Bg5 51. e7 Bxe7 52. Qxe7 Nc3 53. Qe3+ Kh5 54. Qxc3 g5 55. Qxc5 h6 56. Kg2 Kh4 57.
b4 g4 58. b5 h5 59. Qe7# 1-0

[Event "*** Titled Tuesday Blitz"]
[Site "Chess.com"]
[Date "2020.04.21"]
[Round "9"]
[White "Vaathi_Coming"]
[Black "donotreadit"]
[Result "1-0"]
[WhiteElo "2848"]
[BlackElo "2679"]
[TimeControl "180+1"]
[EndTime "11:50:27 PDT"]
[Termination "Vaathi_Coming won by checkmate"]

1. e4 c5 2. Nf3 e6 3. d4 cxd4 4. Nxd4 Nc6 5. Nc3 Qc7 6. g3 a6 7. Bg2 Nf6 8. O-O Be7 9. Nxc6 bxc6 10. Re1 e5 11. Na4 O-O 12. c4 d6 13. c5 dxc5 14. Be3 c4 15. Rc1 Be6 16. Bc5 Rfd8 17. Qc2 Rab8 18.
Bf1 a5 19. Bxe7 Qxe7 20. Bxc4 Rd4 21. Bxe6 Qxe6 22. b3 Rc8 23. Nb6 Rc7 24. Nc4 h5 25. Nxa5 Qh3 26. f3 Rcd7 27. Nc4 h4 28. Qg2 Qe6 29. g4 Nh7 30. g5 Rd3 31. Re3 Rd1+ 32. Re1 R1d3 33. Rc2 Qe7 34. g6 Ng5 35. gxf7+ Kxf7 36.
Rf2 Qf6 37. Nxe5+ Qxe5 38. f4 Nf3+ 39. Qxf3 Qc5 40. Qg4 g6 41. f5 g5 42. e5 Ke8 43.
e6 R7d4 44. Qxg5 Qe5 45. Rxe5 Rd2 46. Rxd2 Rg4+ 47. Qxg4 Ke7 48. Qg6 Kf8 49. Qf7# 1-0

[Event "*** Titled Tuesday Blitz"]
[Site "Chess.com"]
[Date "2020.04.21"]
[Round "9"]
[White "WonderChampion"]
[Black "pgradalski"]
[Result "0-1"]
[WhiteElo "1810"]
[BlackElo "2216"]
[TimeControl "180+1"]
[EndTime "11:50:27 PDT"]
[Termination "pgradalski won by checkmate"]

1. e4 e6 2. d4 d5 3. Nc3 Nc6 4. exd5 exd5 5. Nf3 Nf6 6. Bd3 Bg4 7.
Be3 Be7 8. O-O O-O 9. Re1 Nb4 10.
Be2 Bf5 11. Rc1 a5 12. a3 Na6 13. Bd3 Bg6 14. Bxg6 hxg6 15. Ne5 c6 16. Qf3 Nc7 17. Qh3 Qc8 18. Qxc8 Raxc8 19. Bf4 Nce8 20. Nxg6 Bxa3 21. Nxf8 Bxb2 22. Rcd1 Bxc3 23. Re3 Bb4 24. Ne6 fxe6 25. Rxe6 Kf7 26. Re2 Nd6 27. Bxd6 Bxd6 28. Rde1 a4 29. Re6 Bb4 30. R1e2 Ne4 31. Re5 a3 32. c4 Nc3 33.
Rc2 dxc4 34. h3 a2 35. Rc1 Ra8 36. Ra1 Nb1 37. Re2 Bd2 38. f3 c3 39. Kf2 c2 40.
Rxd2 Nxd2 41. Ke2 Nb3 42. Kd3 c1=Q 43. Rxc1 Nxc1+ 44. Ke4 a1=Q 45. Ke5 Ra5+ 46. Kf4 Qxd4+ 47. Kg3 Qg1 48. Kg4 Ne2 49. Kh4 Qf2+ 50. Kg4 Qg3# 0-1

[Event "*** Titled Tuesday Blitz"]
[Site "Chess.com"]
[Date "2020.04.21"]
[Round "9"]
[White "ChessQueen"]
[Black "DanielDardha2005"]
[Result "0-1"]
[WhiteElo "2748"]
[BlackElo "2618"]
[TimeControl "180+1"]
[EndTime "11:50:28 PDT"]
[Termination "DanielDardha2005 won by checkmate"]

1. e4 c5 2. c3 Nf6 3. e5 Nd5 4. Nf3 Nc6 5. d4 cxd4 6. cxd4 d6 7. Bc4 e6 8. O-O Be7 9. Qe2 O-O 10. Nc3 Nxc3 11. bxc3 dxe5 12. dxe5 Qc7 13. Qe4 b6 14. Bd3 g6 15. Re1 Bb7 16. Qg4 Rad8 17. Bf1 Rfe8 18.
Bg5 Bxg5 19. Nxg5 h6 20. Nf3 Na5 21. Nh4 Qe7 22. f4 Kh7 23. Kh1 Rd2 24. Nf3 Bxf3 25.
Qxf3 Red8 26. Red1 Qc5 27. h3 Rxd1 28. Rxd1 Rxd1 29.
Qxd1 Qxc3 30. Qd7 Kg7 31. Qxa7 Qc1 32. Qa6 Qxf4 33. Qb5 Nb7 34. a4 Nc5 35. Bc4 Ne4 36. Bd3 Nf2+ 37. Kg1 Qe3 38. Bf1 Nxh3+ 39. Kh2 Ng5 40.
a5 bxa5 41. Qxa5 Ne4 42. Qb5 Qf4+ 43. Kg1 Ng3 44. Bd3 Qd4+ 45. Kh2 Qh4+ 46. Kg1 Qf4 47. Bc4 h5 48. Bd3 h4 49. Qc5 Qd2 50. Qc4 Qe1+ 51. Kh2 Qh1# 0-1

[Event "*** Titled Tuesday Blitz"]
[Site "Chess.com"]
[Date "2020.04.21"]
[Round "9"]
[White "gahryman"]
[Black "wadsy27"]
[Result "0-1"]
[WhiteElo "2663"]
[BlackElo "2516"]
[TimeControl "180+1"]
[EndTime "11:50:28 PDT"]
[Termination "wadsy27 won on time"]

1. d4 Nf6 2. Bf4 c5 3. d5 b5 4. f3 d6 5. e4 Qb6 6. Nd2 Ba6 7. Nh3 Nbd7 8. Nf2 g6 9. a4 b4 10. Bxa6 Qxa6 11. Qe2 Qxe2+ 12. Kxe2 Bg7 13. g4 h5 14. h3 O-O-O 15. a5 hxg4 16. hxg4 Rxh1 17. Rxh1 Rh8 18.
Rxh8+ Bxh8 19. Nc4 Kb7 20. b3 Ka6 21. Nd3 Ne8 22.
Bg5 f6 23. Be3 Nc7 24. f4 Nb5 25. Kf3 Na3 26. e5 Nxc4 27. e6 Ndb6 28. axb6 Nxb6 29. Ke4 f5+ 30. gxf5 gxf5+ 31. Kxf5 Nxd5 32. Bd2 Kb5 33. Kg6 c4 34. bxc4+ Kxc4 35. Kf7 a5 36. f5 Bf6 37. Nf4 Nxf4 38. Bxf4 a4 39. Bxd6 a3 40. Bxe7 Bxe7 41. Kxe7 a2 42. f6 a1=Q 43. f7 Qa7+ 44. Kf6 Qf2+ 45. Ke7 Qc5+ 46. Kf6 Kd5 47. Kg7 Qe7 0-1